Map: Temple gelé

Players

eirc

  • Race: Zerg Zerg
  • Spawn Location: 11:00

zidar - Winner!

  • Race: Zerg Zerg
  • League: Platinum
  • Spawn Location: 5:00

VOD

Have the link to the VOD?

Description

Time

  • Played on: Oct. 19, 2016, 2 p.m.
  • Length: 3:41
Show
View Real Time Build Order
Export as new Build Order

eirc Zerg 

Build Orders: Pool First 

Get SALT Encoding   

  12  0:01  Drone  
  13  0:13  Overlord  
  13  0:20  Drone  
  14  0:32  Drone x2  
  16  0:44  Spawning Pool  
  16  0:47  Drone  
  16  0:50  Drone  
  17  0:57  Extractor  
  17  0:58  Drone  
  17  1:18  Drone  
  18  1:23  Drone  
  19  1:30  Queen  
  21  1:32  Zergling x2  
  22  1:51  Hatchery, Zergling x2  
  22  1:52  Overlord  
  22  2:11  Zergling x2  
  22  2:13  Zergling x2  
  24  2:23  Zergling x2  
  24  2:28  Evolution Chamber  
  24  2:31  Evolution Chamber  
  24  2:36  Extractor  
  22  2:42  Overlord  
  22  2:57  Drone x3  
  25  3:03  Drone  
  26  3:13  Drone  
Show
View Real Time Build Order
Export as new Build Order

zidar Zerg - Winner!

Build Orders: Pool First 

Get SALT Encoding   

  12  0:02  Drone  
  13  0:07  Drone  
  13  0:13  Extractor  
  13  0:16  Drone  
  14  0:35  Spawning Pool  
  13  0:39  Drone  
  14  0:49  Overlord  
  14  0:59  Overlord  
  14  1:22  Metabolic Boost  
  14  1:24  Queen  
  16  1:27  Zergling x2  
  16  1:31  Zergling x2  
  18  1:35  Zergling x2  
  19  1:43  Zergling x2  
  20  1:51  Zergling x2  
  21  2:12  Hatchery  
  20  2:18  Zergling x4  
  22  2:28  Zergling x2  
  23  2:36  Zergling x6  
  26  2:49  Zergling x4  
  28  3:07  Baneling Nest  
Tags
 
League
Platinum
Matchup
ZvZ
Race
Zerg
Spawn Locations
Cross Positions
Add a new tag
Caveats
  • Supply blocks, unpowered buildings, or Contaminate may cause inaccurate times.
  • Supply counts are checked every 10 seconds.